 Dungeon Crawl Stone Soup version 0.30-a0-465-g8901f6c8b5 (webtiles) character file.

Game seed: 8765145902602183312

815 swagumen the Poker (level 7, -7/41 (56) HPs)
             Began as a Demonspawn Gladiator on Dec 18, 2022.
             Mangled by an iguana (8 damage)
             ... on level 5 of the Dungeon.
             The game lasted 00:16:27 (6962 turns).

swagumen the Poker (Demonspawn Gladiator)           Turns: 6962, Time: 00:16:27

HP:   -7/41 (56)    AC:  6    Str: 16      XL:     7   Next: 62%
MP:   7/7           EV: 12    Int: 10      God:
Gold: 211           SH:  0    Dex: 13 (14) Spells: 6/6 levels left

rFire   . . .      SeeInvis .    a - +0 trident
rCold   . . .      Faith    .    (no shield)
rNeg    . . .      Spirit   .    b - +0 leather armour
rPois   .          Reflect  .    (helmet restricted)
rElec   .          Harm     .    (no cloak)
rCorr   .          Rampage  .    (no gloves)
Will    .....                    p - +0 pair of boots
Stlth   +.........               (no amulet)
HPRegen 0.26/turn                (no ring)
MPRegen 0.10/turn                (no ring)

@: very heavily drained
A: antennae 1, icy blue scales 1, demonic guardian 2, powered by death 1
a: no special abilities


You were on level 5 of the Dungeon.
You visited 1 branch of the dungeon, and saw 5 of its levels.

You collected 211 gold pieces.

Inventory:

Hand Weapons
 a - a +0 trident (weapon)
Missiles
 d - 3 throwing nets (quivered)
 e - a javelin
Armour
 b - a +0 leather armour (worn)
 c - a +0 helmet
 n - a +0 ring mail
 p - a +0 pair of boots (worn)
 x - a +0 chain mail
 y - a +3 leather armour of poison resistance
Jewellery
 m - an amulet of guardian spirit
Scrolls
 f - a scroll of immolation {unknown}
 g - 2 scrolls of teleportation
 j - a scroll of enchant weapon {unknown}
 l - a scroll of fear {unknown}
 r - a scroll of identify {unknown}
 s - a scroll of amnesia
 v - a scroll of enchant armour {unknown}
 w - a scroll of torment {unknown}
Potions
 h - a potion of lignification
 k - a potion of resistance {unknown}
 o - a potion of haste {unknown}
 q - a potion of might {unknown}
 t - a potion of attraction {unknown}
 u - a potion of invisibility {unknown}
 z - a potion of heal wounds {unknown}


   Skills:
 + Level 5.2 Fighting
 * Level 7.0 Polearms
 - Level 1.7 Throwing
 - Level 2.6 Dodging


You had 6 spell levels left.
You didn't know any spells.
Your spell library contained the following spells:

 Spells                   Type           Power      Damage    Failure   Level
 Frozen Ramparts          Ice            0%         1d1       80%         3
 Ice Form                 Ice/Tmut       0%         N/A       99%         4
 Summon Ice Beast         Ice/Summ       0%         N/A       99%         4
 Malign Gateway           Summ/Tloc      0%         N/A       100%        7
 Summon Horrible Things   Summ           0%         N/A       100%        8


Dungeon Overview and Level Annotations

Branches:
Dungeon (5/15)
 Temple: D:4-7

Altars:
Gozag
Ru

Shops:
D:3 [

Annotations:
D:5 Eustachio


Innate Abilities, Weirdness & Mutations

You have a pair of small antennae on your head.
You are partially covered in icy blue scales. (AC +2)
A demonic guardian rushes to your aid.
You regenerate a little health from kills.


Message History

The shadow imp hits you but does no damage.
You hit the bat.
The bat is severely wounded.
The bat hits you but does no damage. x2
The shadow imp hits you but does no damage.
You hit the bat.
You kill the bat!
The bat's corpse disappears in a puff of smoke!
Eustachio gestures wildly while chanting.
Your ice devil hits the shadow imp.
Your ice devil freezes the shadow imp.
The shadow imp resists.
The shadow imp misses your ice devil.
You cannot move.
The bat hits you but does no damage.
Eustachio gestures wildly while chanting.
Your ice devil barely misses the shadow imp.
The shadow imp misses your ice devil. The bat hits you but does no damage.
You closely miss the bat.
Your transformation is almost over.
The shadow imp disappears in a puff of smoke!
The bat hits you but does no damage.
Eustachio casts a spell.
The bat hits you but does no damage.
You barely miss the bat. The bat hits you but does no damage.
The iguana bites you!
* * * LOW HITPOINT WARNING * * *
A demonic guardian appears!
You hit the bat.
The bat is moderately wounded.
The bat hits you but does no damage. x2; The iguana bites you.
* * * LOW HITPOINT WARNING * * *
Your hellwing hits the iguana!
Your hellwing closely misses the iguana.
It was a potion of cancellation.
Your magical effects are unravelling.
You feel magically purged.
You feel less wooden.
Your +0 pair of boots unmelds from your body.
Your +0 leather armour unmelds from your body.
The bat closely misses you. The iguana bites you!
You die...

#######.# # .#
#r5# #..# #.##
...# #r#
######...###
#.###..oo.o.....
#.#...###.......
###)#.###
......# #4l4#.#
###....
#@##..########
###
#b##..........
#5#...........
#@#.#.).......
#b#.#.[.......
#r5.#.........
#..##.........
#..##.........
#..##.........


You could see Eustachio, an iguana (ally target), a quasit (summoned), a river
rat (summoned), a white imp (summoned), 2 bats, a friendly hellwing (summoned)
and a friendly ice devil (summoned).

Vanquished Creatures
  An ogre (D:4)
  2 scorpions
  Dowan (D:3)
  4 orc priests
  2 orc wizards
  3 gnolls (D:4)
  2 adders (D:3)
  A worm (D:4)
  2 dart slugs
  18 orcs
  4 bats
  10 endoplasms
  2 giant cockroaches
  7 goblins
  6 hobgoblins
  5 kobolds
  6 quokkas
  10 ball pythons
  6 frilled lizards
  5 rats
97 creatures vanquished.

Vanquished Creatures (collateral kills)
  Menkaure (D:5)
  Duvessa (D:4)
  2 orcs (D:5)
4 creatures vanquished.

Vanquished Creatures (others)
  4 plants (D:2)
4 creatures vanquished.

Grand Total: 105 creatures vanquished

Notes
Turn   | Place    | Note
-------+----------+-------------------------------------------
     0 | D:1      | swagumen the Demonspawn Gladiator began the quest for the
                  | Orb.
     0 | D:1      | Reached XP level 1. HP: 16/16 MP: 1/1
   120 | D:1      | Reached skill level 3 in Polearms
   227 | D:1      | Gained mutation: You have a pair of small antennae on your
                  | head. [demonic ancestry]
   227 | D:1      | Reached XP level 2. HP: 22/22 MP: 2/2
  1129 | D:2      | Gained mutation: You regenerate a little health from kills.
                  | [demonic ancestry]
  1129 | D:2      | Reached XP level 3. HP: 8/28 MP: 3/3
  1506 | D:2      | Found a sacrificial altar of Ru.
  2277 | D:3      | Reached skill level 4 in Polearms
  2372 | D:3      | Gained mutation: You are partially covered in icy blue
                  | scales. (AC +2) [demonic ancestry]
  2372 | D:3      | Reached XP level 4. HP: 31/34 MP: 4/4
  2375 | D:3      | Found an opulent altar of Gozag.
  2768 | D:3      | Found Oblol's Antique Armour Emporium.
  3164 | D:4      | Noticed Duvessa
  3164 | D:4      | Noticed Dowan
  3320 | D:3      | Reached XP level 5. HP: 14/41 MP: 5/5
  3327 | D:3      | HP: 1/41 [orc/+0 short sword (3)]
  4138 | D:4      | Reached skill level 5 in Polearms
  4492 | D:4      | HP: 2/42 [Duvessa/+0 short sword (10)]
  4869 | D:3      | Gained mutation: A weak demonic guardian rushes to your
                  | aid. [demonic ancestry]
  4869 | D:3      | Reached XP level 6. HP: 10/48 MP: 6/6
  5041 | D:4      | Killed Duvessa
  5171 | D:4      | HP: 2/48 [Dowan/stone arrow (10)]
  5176 | D:3      | Killed Dowan
  5475 | D:4      | Reached skill level 6 in Polearms
  5636 | D:5      | Entered Level 5 of the Dungeon
  5695 | D:4      | Gained mutation: A demonic guardian rushes to your aid.
                  | [demonic ancestry]
  5695 | D:4      | Reached XP level 7. HP: 9/55 MP: 7/7
  5905 | D:5      | Noticed Menkaure
  6391 | D:5      | Reached skill level 5 in Fighting
  6630 | D:5      | Killed Menkaure
  6631 | D:5      | Reached skill level 7 in Polearms
  6826 | D:5      | Noticed Eustachio
  6961 | D:5      | HP: 1/61 [iguana (4)]
  6962 | D:5      | Mangled by an iguana

Illustrated notes

Levels and vault maps discovered:
D:1:      pf_arrival_petrified_forest, layout_basic, st_stairs_10
D:2:      layout_loops_ring, serial_forest, infiniplex_forest_fountain,
          infiniplex_forest_straight_3, infiniplex_forest_lined_corner,
          infiniplex_forest_3_way, infiniplex_forest_clump_double,
          infiniplex_forest_corner_1, infiniplex_forest_lined_4_way,
          infiniplex_forest_zigzag_2, infiniplex_forest_clump_double,
          basic_altar, kennysheep_donut, grunt_ministairs_13
D:3:      layout_loops_ring, lemuel_doored_altar, serial_aquarium,
          aquarium_bridge_long_joined [aquarium_subvault_wall,
          aquarium_subvault_bridge, aquarium_subvault_bridge,
          aquarium_subvault_bridge, aquarium_subvault_balcony,
          aquarium_subvault_window], aquarium_bridge_island_small
          [aquarium_subvault_small_open, aquarium_subvault_window,
          aquarium_subvault_bridge, aquarium_subvault_bridge,
          aquarium_subvault_bridge], aquarium_window_fake, aquarium_window_2,
          aquarium_window_3, aquarium_view_2d, aquarium_view_2a, serial_shops,
          shop_statue, kennysheep_minor_cross, grunt_ministairs_7
D:4:      layout_gridville, serial_rivers, chequers_serial_rivers_micro_d,
          chequers_serial_rivers_room_a, chequers_serial_rivers_micro_d,
          chequers_serial_rivers_micro_e, chequers_serial_rivers_marsh,
          chequers_serial_rivers_micro_b, minivault_4, uniq_duvessa
D:5:      layout_rooms, minmay_temple_entry_fiery, uniq_menkaure, uniq_sigmund,
          uniq_eustachio

Skill      XL: |  1  2  3  4  5  6  7 |
---------------+----------------------+-----
Polearms       | 3 4 5 6 7 |  7.0
Fighting       | 3 4 5 |  5.2
Throwing       | |  1.7
Dodging        | |  2.6

Action                   |  1- 3 |  4- 6 |  7- 9 || total
-------------------------+-------+-------+-------++-------
Melee: Trident           |   158 |   188 |   116 ||   462
       Punch             |     1 |     4 |     1 ||     6
  Use: Potion            |       |     3 |     2 ||     5
       Scroll            |       |     2 |       ||     2
 Stab: Sleeping          |     5 |       |       ||     5
       Distracted        |       |     1 |       ||     1
Armor: Leather armour    |    25 |    48 |    37 ||   110
       Skin              |       |     4 |    21 ||    25
Dodge: Dodged            |    70 |   103 |    69 ||   242

Table legend: (Time is in decaauts)
 A = Elapsed time spent in this place.
 B = Non-inter-level travel time spent in this place.
 C = Inter-level travel time spent in this place.
 D = Time resting spent in this place.
 E = Time spent auto-exploring this place.
 F = Levels seen in this place.
 G = Mean time per level.
                   A        B        C        D        E       F      G
               +--------+--------+--------+--------+--------+-----+--------+
         Total |   7002 |   6264 |    738 |   1726 |   3311 |   5 | 1400.4 |
       Dungeon |   7002 |   6264 |    738 |   1726 |   3311 |   5 | 1400.4 |
               +--------+--------+--------+--------+--------+-----+--------+

Top non-repeatable levels by time:
     D:3: 2649 daAuts
     D:4: 1562 daAuts
     D:2: 1006 daAuts
     D:1: 914 daAuts
     D:5: 869 daAuts
